AoeStats
← brodididi

Arena

508702947Analyzed
2v2 RM · 8d ago on Sep 23, 2026· 65m 12s· 4 players
Game mode
Random Map
Map size
Medium (4 player)
Population
200
Speed
Normal
Resources
Standard
Victory
Conquest
Starting age
Dark Age
Ending age
Imperial Age
RankedLock teamsTeams togetherTeam positionsShared explorationLock speedFull tech treeHidden civsTurbo modeCheats
Victory
Defeat
🇪🇸 Franks · Spain
521
+15
🇪🇸 Spanish · Spain
500
+16
🇺🇸 Khmer · United States
515
-17
🇺🇸 Bulgarians · United States
470
-14
NWI Nutball
11:46 Loom
13:33 Feudal Age
15:35 Wheelbarrow
15:45 Wheelbarrow
15:10 Horse Collar
15:24 Double-Bit Axe
18:55 Scale Barding Armor
19:57 Bloodlines
21:42 Gold Mining
21:43 Stone Mining
23:03 Forging
26:03 Castle Age
24:55 Scale Mail Armor
27:13 Hand Cart
27:52 Iron Casting
30:50 Gold Shaft Mining
33:05 Bow Saw
36:41 Husbandry
39:42 Caravan
42:00 Bow Saw
46:10 Heavy Plow
46:54 Fortified Wall
46:43 Murder Holes
47:00 Fortified Wall
47:02 Masonry
55:22 Fletching
58:31 Light Cavalry
63:58 Imperial Age
62:40 Man-at-Arms
63:06 Arson
62:43 Pikeman
63:28 Long Swordsman
64:36 Capped Ram
saphi
0:53 Loom
15:03 Feudal Age
15:41 Double-Bit Axe
15:40 Horse Collar
15:53 Gold Mining
15:57 Stone Mining
23:46 Castle Age
24:40 Caravan
27:30 Stone Shaft Mining
26:57 Heavy Plow
27:17 Bow Saw
34:34 Imperial Age
33:52 Gold Shaft Mining
36:23 Wheelbarrow
35:37 Gambesons
35:52 Squires
35:38 Arson
37:12 Conscription
37:22 Stirrups
38:44 Elite Konnik
44:40 Forging
44:31 Scale Mail Armor
44:36 Scale Barding Armor
46:55 Bagains
49:18 Crop Rotation
49:23 Hand Cart
60:46 Pikeman
62:33 Halberdier
brodididi
5:25 Loom
10:31 Feudal Age
10:58 Double-Bit Axe
14:59 Gold Mining
20:29 Castle Age
19:13 Stone Mining
23:29 Wheelbarrow
23:22 Bow Saw
27:16 Forging
27:12 Scale Barding Armor
32:10 Iron Casting
32:59 Pikeman
37:52 Imperial Age
35:49 Chain Barding Armor
35:55 Scale Mail Armor
36:59 Chain Mail Armor
38:13 Halberdier
39:41 Plate Mail Armor
40:12 Blast Furnace
40:33 Gold Shaft Mining
47:05 Chain Barding Armor
56:47 Cavalier
58:17 Paladin
60:17 Chivalry
63:44 Plate Barding Armor
minchaspollez
10:54 Feudal Age
21:57 Padded Archer Armor
21:54 Fletching
25:52 Castle Age
25:06 Double-Bit Axe
25:13 Gold Mining
25:14 Stone Mining
29:07 Leather Archer Armor
28:48 Bodkin Arrow
28:59 Scale Barding Armor
29:08 Bow Saw
29:35 Stone Shaft Mining
29:39 Horse Collar
34:59 Ballistics
37:28 Heavy Plow
37:55 Chain Barding Armor
44:31 Imperial Age
46:28 Chemistry
46:01 Elite Conquistador
Connection lost

Rejoining the realm…

Still unreachable

The connection could not be restored.

Session expired

The server has moved on; the page needs a fresh start.